 Dungeon Crawl Stone Soup version 0.27.0-1-g7a089689b8 (webtiles) character file.

Game seed: 3741500685797095879

1534 ketsa the Cleaver (level 8, 0/93 HPs)
             Began as a Palentonga Berserker on Aug 6, 2021.
             Was a Priest of Trog.
             Succumbed to a killer bee's poison
             ... on level 7 of the Dungeon.
             The game lasted 00:23:42 (8723 turns).

ketsa the Cleaver (Palentonga Berserker)            Turns: 8723, Time: 00:23:43

Health: 0/93       AC:  9    Str: 21    XL:     8   Next: 55%
Magic:  8/8        EV:  9    Int:  8    God:    Trog [***...]
Gold:   295        SH:  0    Dex: 11    Spells: 7/7 levels left

rFire    + . .     SeeInvis +   m - +4 flail (vorpal)
rCold    . . .     Faith    .   (no shield)
rNeg     . . .     Spirit   .   w - +0 leather armour {rF+}
rPois    .         Reflect  .   C - +0 helmet
rElec    .         Harm     .   r - +2 cloak
rCorr    +         Rampage  .   (no gloves)
Will     .....                  (no barding)
Stlth    ..........             (no amulet)
HPRegen  0.25/turn              p - ring of resist corrosion
MPRegen  0.11/turn              (no ring)

@: berserking (expiring), lethally poisoned (0 -> -19), very quick
A: large, rugged brown scales 3, see invisible, deformed body, roll 1, armoured
tail, reflexive curl
a: Rolling Charge, Renounce Religion, Berserk, Trog's Hand


You were on level 7 of the Dungeon.
You worshipped Trog.
Trog was most pleased with you.
You visited 2 branches of the dungeon, and saw 8 of its levels.

You collected 295 gold pieces.

Inventory:

Hand Weapons
 a - a +0 hand axe
 j - a +2 whip of holy wrath
 m - a +4 vorpal flail (weapon)
Missiles
 g - 169 stones
 i - 26 poisoned darts
Armour
 r - a +2 cloak (worn)
 t - a +0 ring mail
 w - a +0 leather armour of fire resistance (worn)
 C - a +0 helmet (worn)
Jewellery
 p - a ring of resist corrosion (left hand)
 B - a +4 ring of protection
Wands
 v - a wand of acid (7)
 y - a wand of polymorph (7)
Scrolls
 c - 2 scrolls of teleportation
 e - a scroll of blinking {unknown}
 h - a scroll of vulnerability
 l - a scroll of fear {unknown}
 n - a scroll of silence
 u - a scroll of acquirement {unknown}
 A - a scroll of fog {unknown}
 D - a scroll of holy word {unknown}
Potions
 f - 3 potions of curing
 k - 2 potions of flight
 o - 2 potions of might {unknown}
 s - a potion of mutation
 z - a potion of attraction {unknown}
 E - a potion of haste {unknown}


   Skills:
 - Level 3.0 Fighting
 + Level 9.5(9.7) Axes
 + Level 3.3(6.9) Maces & Flails
 + Level 4.1 Armour
 - Level 1.5 Dodging


You had 7 spell levels left.
You didn't know any spells.
Your spell library contained the following spells:

 Spells                   Type           Power      Damage    Failure   Level
 Blink                    Tloc           N/A        N/A       58%         2
 Ignite Poison            Fire/Tmut/Pois 0%         N/A       83%         3
 Cause Fear               Hex            0%         N/A       99%         4
 Iskenderun's Mystic Bla  Conj/Tloc      0%         2d3       99%         4
 Manifold Assault         Tloc           0%         N/A       100%        5
 Summon Forest            Summ/Tloc      0%         N/A       100%        5
 Dragon Form              Tmut           0%         N/A       100%        7
 Chain Lightning          Conj/Air       0%         N/A       100%        9
 Dragon's Call            Summ           0%         N/A       100%        9
 Fire Storm               Conj/Fire      0%         5d1       100%        9


Dungeon Overview and Level Annotations

Branches:
Dungeon (7/15)             Temple (1/1) D:4

Altars:
Cheibriados
Dithmenos
Gozag
Kikubaaqudgha
Nemelex Xobeh
Sif Muna

Shops:
D:1 [

Annotations:
D:2 Sigmund
D:3 2 transporters, SeagullWaffle's ghost, amateur MiFi


Innate Abilities, Weirdness & Mutations

You are completely covered in rugged brown scales. (AC +3, +7% HP)
You have supernaturally acute eyesight. (SInv)
Armour fits poorly on your strangely shaped body.
You can roll at nearby foes to attack.
You have a long armoured tail.
You curl defensively after being hit.


Message History

The killer bee barely misses you.
You thump the killer bee!
The killer bee is almost dead.
You feel very sick.
The killer bee stings you but does no damage.
The killer bee barely misses you. x2; The killer bee stings you!
You are more poisoned.
The killer bee poisons you!
The killer bee stings you but does no damage. x2
The killer bee closely misses you.
You bludgeon the killer bee!!
You kill the killer bee!
Trog accepts your kill.
You feel very sick. The killer bee stings you.
* * * LOW HITPOINT WARNING * * *
The killer bee completely misses you.
The killer bee stings you but does no damage. x3
The killer bee barely misses you.
The killer bee stings you but does no damage. x2
You miss the killer bee.
Your tail-slap misses the killer bee.
You feel very sick. The killer bee stings you.
* * * LOW HITPOINT WARNING * * *
You are lethally poisoned!
The killer bee poisons you! The killer bee stings you.
* * * LOW HITPOINT WARNING * * *
The killer bee stings you but does no damage. x2
You bludgeon the killer bee!!
You kill the killer bee!
Trog accepts your kill.
* * * LOW HITPOINT WARNING * * *
You feel very sick. The killer bee stings you.
* * * LOW HITPOINT WARNING * * *
The killer bee misses you.
The killer bee stings you but does no damage. x2
You thump the killer bee!
The killer bee is severely wounded.
You die...

.#.....#.#.#.#.#.#.#.#.#
#.#.....#.#.#.#.#.#.#.#.
#.....#.#.#.#.#.#.#.#.#
......#.....#.#.#.#.#.
#.#.#+....#.#.#.#.#.# ..
#.#.#.....#.#.#.#.#. ....
#y#.#.#.#.#.#.#.#.#
.....#+#y#.#.#'#.#.#.#.#.
........@†#..[....#.#.#.#
...#...yy.#......#...##.#
#......#......#...##..
###....#......#...####
#....#......#...####
#....#......#.......
#....#......#.......
######......#.......
#.......


You could see 4 killer bees.

Vanquished Creatures
  Duvessa (D:4)
  A black bear (D:5)
  A necrophage (D:4)
  An ogre (D:5)
  A phantom (D:6)
  A bullfrog (D:6)
  2 scorpions
  Dowan (D:4)
  2 killer bees (D:7)
  A centaur zombie (D:6)
  A jelly (D:3)
  3 hounds
  Crazy Yiuf (D:2)
  A bullfrog skeleton (D:6)
  2 centaur skeletons
  A gnoll shaman (D:5)
  Jessica (D:2)
  Terence (D:2)
  3 iguanas
  An orc wizard (D:7)
  Natasha (twice) (D:2)
  A killer bee zombie (D:6)
  A hound skeleton (D:4)
  3 gnolls (D:4)
  10 adders
  A shadow imp (D:6)
  2 white imps
  3 adder skeletons (D:4)
  A worm (D:6)
  3 dart slugs
  4 orcs
  9 ball pythons
  2 endoplasms (D:4)
  6 giant cockroaches
  7 goblins
  9 hobgoblins
  4 jackals
  3 quokkas
  4 bats
  3 frilled lizards (D:3)
  12 kobolds
  7 rats
124 creatures vanquished.

Notes
Turn   | Place    | Note
-------+----------+-------------------------------------------
     0 | D:1      | ketsa the Palentonga Berserker began the quest for the Orb.
     0 | D:1      | Reached XP level 1. HP: 19/19 MP: 1/1
   316 | D:1      | Found Zelisoi's Armour Boutique.
   374 | D:1      | Reached XP level 2. HP: 15/25 MP: 2/2
  1007 | D:1      | Reached skill level 4 in Axes
  1380 | D:2      | Reached XP level 3. HP: 30/31 MP: 3/3
  1581 | D:2      | Reached ** piety under Trog
  1974 | D:2      | Noticed Sigmund
  2216 | D:2      | Noticed Terence
  2223 | D:2      | Killed Terence
  2368 | D:2      | Reached XP level 4. HP: 37/37 MP: 4/4
  2444 | D:2      | Noticed Natasha
  2451 | D:2      | Killed Natasha
  2452 | D:2      | Reached skill level 5 in Axes
  2493 | D:2      | Found a runed translucent door.
  2494 | D:2      | Noticed Crazy Yiuf
  2592 | D:2      | Noticed Jessica
  2620 | D:2      | Killed Jessica
  2943 | D:2      | Killed Crazy Yiuf
  2944 | D:2      | Reached XP level 5. HP: 43/43 MP: 5/5
  3213 | D:2      | Noticed Natasha
  3221 | D:2      | Killed Natasha
  3222 | D:2      | Reached skill level 6 in Axes
  3356 | D:3      | Found a transporter.
  3359 | D:3      | Noticed SeagullWaffle's ghost (amateur MiFi)
  3473 | D:3      | Found a transporter.
  3736 | D:3      | Found a faded altar of an unknown god.
  3850 | D:4      | Found an opulent altar of Gozag.
  3850 | D:4      | Found an ancient bone altar of Kikubaaqudgha.
  3850 | D:4      | Found a shimmering blue altar of Sif Muna.
  4023 | D:4      | Reached XP level 6. HP: 50/50 MP: 6/6
  4092 | D:4      | Reached skill level 7 in Axes
  4220 | D:4      | Noticed Duvessa
  4239 | D:4      | Killed Duvessa
  4383 | D:4      | Got the Papyrus of Envenoming and Displacement
  4444 | D:4      | Gained mutation: You curl defensively after being hit.
                  | [Palentonga growth]
  4444 | D:4      | Reached XP level 7. HP: 55/55 MP: 7/7
  4732 | D:4      | Reached skill level 8 in Axes
  4783 | D:4      | Found a staircase to the Ecumenical Temple.
  4795 | Temple   | Entered the Ecumenical Temple
  4807 | D:4      | Noticed Dowan
  4825 | D:4      | Killed Dowan
  5160 | D:4      | Reached *** piety under Trog
  5588 | D:5      | Entered Level 5 of the Dungeon
  6355 | D:5      | Found a shadowy altar of Dithmenos.
  6660 | D:5      | Reached skill level 1 in Maces & Flails
  6873 | D:5      | Reached skill level 9 in Axes
  6873 | D:5      | Reached XP level 8. HP: 50/62 MP: 8/8
  7571 | D:6      | Found a sparkling altar of Nemelex Xobeh.
  8722 | D:7      | HP: 3/93 [killer bee (6)]
  8723 | D:7      | Succumbed to a killer bee's poison

Illustrated notes

Levels and vault maps discovered:
D:1:      mainiacjoe_arrival_reflecting_pool, layout_basic, serial_shops,
          nicolae_shop_waterfront
D:2:      layout_basic, minmay_between, uniq_jessica, uniq_terence,
          uniq_sigmund, uniq_crazy_yiuf_cottage, uniq_natasha
D:3:      layout_basic, gammafunk_ghost_arena,
          hellmonk_ecumenical_altar_leap_of_faith
D:4:      layout_loops_ring, grunt_temple_overflow_open, temple_green,
          minmay_surrounded, uniq_duvessa
D:5:      black_bear_nest_2, layout_cave_pools, nicolae_dithmenos_the_darkroom
D:6:      layout_basic, mainiacjoe_overflow_paths, portal_sewer_entry_e,
          columned_hall_lemuel
D:7:      layout_basic
Temple:   nicolae_temple_elliptical

Skill      XL: |  1  2  3  4  5  6  7  8 |
---------------+-------------------------+-----
Axes           | 4 5 6 7 9 |  9.5
Armour         | 2 3 4 |  4.1
Maces & Flails | 1 3 |  3.3
Fighting       | |  3.0
Dodging        | |  1.5

Action                   |  1- 3 |  4- 6 |  7- 9 || total
-------------------------+-------+-------+-------++-------
Melee: Hand axe          |    90 |       |       ||    90
       Tailslap          |     8 |     5 |    17 ||    30
       Flail             |     2 |    96 |   142 ||   240
Invok: Berserk           |     3 |     6 |     7 ||    16
       Trog's Hand       |       |     2 |     1 ||     3
 Abil: Rolling Charge    |     2 |     1 |     1 ||     4
  Use: Potion            |     1 |       |     3 ||     4
       Scroll            |       |       |    10 ||    10
Armor: Animal skin       |    21 |       |       ||    21
       Leather armour    |     1 |    33 |   108 ||   142
Dodge: Dodged            |    38 |    43 |    87 ||   168
